 Dungeon Crawl Stone Soup version 0.28-b1-70-g80dc712255 (webtiles) character file.

Game seed: 14335809119057505942

98 vvl the Stinger (level 4, 0/31 HPs)
             Began as a Demonspawn Venom Mage on Feb 3, 2022.
             Killed from afar by an orc wizard (8 damage)
             ... with a magic dart
             ... on level 3 of the Dungeon.
             The game lasted 00:07:38 (3615 turns).

vvl the Stinger (Demonspawn Venom Mage)             Turns: 3615, Time: 00:07:38

Health: 0/31       AC:  7    Str:  8    XL:     4   Next: 43%
Magic:  3/7        EV: 12    Int: 18    God:
Gold:   179        SH:  0    Dex: 14    Spells: 7/8 levels left

rFire   + . .      SeeInvis .   c - +0 short sword
rCold   . . .      Faith    .   (no shield)
rNeg    . . .      Spirit   .   f - +1 robe {rF+}
rPois   .          Reflect  .   (no helmet)
rElec   .          Harm     .   g - +2 cloak
rCorr   .          Rampage  .   m - +0 pair of gloves
Will    .....                   (no boots)
Stlth   ++........              (no amulet)
HPRegen 0.10/turn               (no ring)
MPRegen 0.10/turn               (no ring)

@: no status effects
A: claws 1, powered by death 1
a: no special abilities


You were on level 3 of the Dungeon.
You visited 1 branch of the dungeon, and saw 3 of its levels.

You collected 179 gold pieces.

Inventory:

Hand Weapons
 c - a +0 short sword (weapon)
Armour
 f - a +1 robe of fire resistance (worn)
 g - a +2 cloak (worn)
 m - a +0 pair of gloves (worn)
Jewellery
 j - a ring of ice
Scrolls
 a - a scroll of amnesia {unknown}
 b - 2 scrolls of immolation {unknown}
 d - a scroll of holy word {unknown}
 k - a scroll of teleportation {unknown}
 l - a scroll of fog {unknown}
Potions
 e - 2 potions of degeneration {unknown}
 h - a potion of heal wounds {unknown}
 i - a potion of brilliance {unknown}
 n - a potion of curing {unknown}


   Skills:
 + Level 0.6 Fighting
 + Level 2.3 Dodging
 - Level 2.0 Stealth
 + Level 2.6 Spellcasting
 + Level 1.0 Necromancy
 + Level 1.8 Transmutations
 + Level 3.6 Poison Magic


You had 7 spell levels left.
You knew the following spells:

 Your Spells              Type           Power      Damage    Failure   Level
a - Sting                 Tmut/Pois      48%        1d5       5%          1

Your spell library contained the following spells:

 Spells                   Type           Power      Damage    Failure   Level
 Poisonous Vapours        Pois/Air       16%        N/A       12%         2
 Mephitic Cloud           Conj/Pois/Air  6%         N/A       30%         3
 Olgreb's Toxic Radiance  Pois           15%        N/A       36%         4


Dungeon Overview and Level Annotations

Branches:
Dungeon (3/15)

Altars:
Nemelex Xobeh


Innate Abilities, Weirdness & Mutations

You have sharp fingernails.
You regenerate a little health from kills.


Message History

The orc wizard flickers and vanishes!
Deactivating autopickup; reactivate with Ctrl-A.
An adder comes into view.
The sting hits the orc.
The orc is poisoned.
The orc is heavily wounded.
The orc wizard points at you and mumbles some strange words.
The magic dart hits you! The orc wizard casts a spell at you.
The magic dart hits you but does no damage.
You kill the orc!
The sting hits the adder.
The adder is poisoned.
The adder is heavily wounded.
You miscast Sting.
You are very lightly contaminated with residual magic.
Nothing appears to happen.
The adder barely misses you.
The sting hits the adder.
The adder looks even sicker.
The adder is severely wounded.
The adder misses you.
You kill the adder!
The orc wizard gestures wildly while chanting.
The orc wizard flickers and vanishes!
Your Necromancy skill increases to level 1!
The sting hits the orc but does no damage.
The orc is poisoned.
Your magical contamination has completely faded away.
The orc looks more healthy.
The sting hits the orc but does no damage.
The orc is poisoned.
The orc is severely wounded.
You kill the orc!
A magic dart appears from out of thin air!
The magic dart hits you!
A magic dart appears from out of thin air!
The magic dart hits you!
A puff of flame appears from out of thin air!
The puff of flame hits you. You resist.
* * * LOW HITPOINT WARNING * * *
A magic dart appears from out of thin air!
The magic dart hits you!
You die...

### ##.....##+######## #.# #
####.....8#.......#.# #.#
###8#.....# #.......#.####.###
.........# #.......#........#
.........# ###.....#.#....#.#
.........## #.......#.#{#..#.#
###8#.....###...........#..#.#
# ####.....8#.......###.#..#.#
##.....#...@....####..#.#
#8...................#.####
###.....####.#.####.##.....
##....# #........#######
##8### ###............. ###
##############


There were no monsters in sight!

Vanquished Creatures
  An adder (D:3)
  2 worms
  3 dart slugs
  2 orcs (D:3)
  6 bats
  5 endoplasms
  A giant cockroach (D:1)
  7 goblins
  9 hobgoblins
  5 jackals (D:2)
  3 quokkas
  8 ball pythons
  2 frilled lizards (D:1)
  5 kobolds
  9 rats
68 creatures vanquished.

Notes
Turn   | Place    | Note
-------+----------+-------------------------------------------
     0 | D:1      | vvl the Demonspawn Venom Mage began the quest for the Orb.
     0 | D:1      | Reached XP level 1. HP: 13/13 MP: 3/3
    58 | D:1      | Reached skill level 1 in Transmutations
   367 | D:1      | Gained mutation: You regenerate a little health from kills.
                  | [demonic ancestry]
   367 | D:1      | Reached XP level 2. HP: 19/19 MP: 0/5
   607 | D:1      | Found a faded altar of an unknown god.
  1228 | D:1      | Gained mutation: You have sharp fingernails. [demonic
                  | ancestry]
  1228 | D:1      | Reached XP level 3. HP: 2/24 MP: 0/6
  1976 | D:2      | Found a sparkling altar of Nemelex Xobeh.
  2608 | D:2      | Reached XP level 4. HP: 31/31 MP: 5/7
  3589 | D:3      | Reached skill level 1 in Necromancy
  3615 | D:3      | Killed from afar by an orc wizard

Illustrated notes

Levels and vault maps discovered:
D:1:      lordsloth_arrival_two_stooges, layout_basic,
          ebering_ecumenical_altar_webs
D:2:      wad_river_or_something, layout_basic, basic_altar
D:3:      layout_basic, serial_corexii_hall, chequers_hall_statues_y,
          corexii_hall_statues_x, saegor_snake_ambush

Skill      XL: |  1  2  3  4 |
---------------+-------------+-----
Transmutations | 1 |  1.8
Stealth        | 2 |  2.0
Dodging        | 2 |  2.3
Necromancy     | 1 |  1.0
Fighting       | |  0.6
Spellcasting   | |  2.6
Poison Magic   | |  3.6

Action                   |  1- 3 |  4- 6 || total
-------------------------+-------+-------++-------
Melee: Unarmed           |    22 |       ||    22
       Short sword       |    52 |    17 ||    69
 Cast: Sting             |    78 |    28 ||   106
Armor: Robe              |    25 |    11 ||    36
Dodge: Dodged            |    58 |    18 ||    76
